 Dungeon Crawl Stone Soup version 0.28-a0-1159-g27aa881441 (webtiles) character file.

Game seed: 15508320712791408838

885 EWolf27 the Covert (level 7, -6/46 HPs)
             Began as a Vampire Enchanter on Dec 15, 2021.
             Was an Initiate of Gozag.
             Killed by nerve-wracking pain
             ... invoked by Grinder
              (11 damage)
             ... on level 5 of the Dungeon.
             The game lasted 00:56:10 (8749 turns).

EWolf27 the Covert (Vampire Enchanter)              Turns: 8749, Time: 00:56:14

Health: -6/46      AC:  3    Str:  9    XL:     7   Next: 76%
Magic:  6/11       EV: 12    Int: 18    God:    Gozag
Gold:   839        SH:  0    Dex: 14    Spells: 4/12 levels left

rFire   . . .      SeeInvis +   a - +1 dagger
rCold   . . .      Faith    .   (no shield)
rNeg    . . .      Spirit   .   b - +0 robe
rPois   .          Reflect  .   (no helmet)
rElec   .          Harm     .   (no cloak)
rCorr   .          Rampage  .   (no gloves)
Will    .....                   j - +0 pair of boots
Stlth   ++++......              (no amulet)
HPRegen 0.35/turn               (no ring)
MPRegen 0.12/turn               (no ring)

@: gold aura, healing quickly
A: alive, fangs 3, see invisible, vampiric 2
a: Exsanguinate, Renounce Religion, Potion Petition, Call Merchant, Bribe Branch


You were on level 5 of the Dungeon.
You worshipped Gozag.
Gozag was pleased with you.
You visited 2 branches of the dungeon, and saw 6 of its levels.
You also visited: Ossuary.

You collected 839 gold pieces.

Inventory:

Hand Weapons
 a - a +1 dagger (weapon)
Missiles
 m - 17 poisoned darts (quivered)
 n - 6 curare-tipped darts
Armour
 b - a +0 robe (worn)
 j - a +0 pair of boots (worn)
Jewellery
 e - a +6 ring of dexterity
Wands
 d - a wand of flame (12)
 s - a wand of iceblast (6)
Scrolls
 f - 7 scrolls of fear
 k - a scroll of noise {unknown}
 l - 3 scrolls of identify
 o - 2 scrolls of blinking {unknown}
Potions
 c - a potion of invisibility
 g - 4 potions of brilliance
 h - a potion of lignification {unknown}
 i - 5 potions of curing
 p - 2 potions of attraction {unknown}
 q - a potion of berserk rage {unknown}
 r - a potion of cancellation {unknown}


   Skills:
 - Level 1.5 Short Blades
 - Level 2.1 Dodging
 + Level 9.1 Stealth
 - Level 3.0 Spellcasting
 + Level 8.6 Hexes
 - Level 4.0 Ice Magic


You had 4 spell levels left.
You knew the following spells:

 Your Spells              Type           Power      Damage    Failure   Level
a - Ensorcelled Hibernat  Hex/Ice        50%        N/A       1%          2
b - Confusing Touch       Hex            33%        N/A       1%          3
c - Tukima's Dance        Hex            33%        N/A       1%          3

Your spell library contained the following spells:

 Spells                   Type           Power      Damage    Failure   Level
 Dazzling Flash           Conj/Hex       36%        N/A       9%          3
 Summon Forest            Summ/Tloc      1%         N/A       99%         5
 Eringya's Noxious Bog    Tmut/Pois      1%         N/A       100%        6
 Summon Hydra             Summ           1%         N/A       100%        7


Dungeon Overview and Level Annotations

Branches:
Dungeon (5/15)             Temple (1/1) D:4         Ossuary (visited)

Altars:
Dithmenos
Elyvilon
Fedhas
Gozag
Kikubaaqudgha
Makhleb
Nemelex Xobeh
Okawaru
Qazlal
Ru
Trog
Uskayaw
Vehumet
Wu Jian
Yredelemnul
Zin
The Shining One

Annotations:
D:5 Grinder


Innate Abilities, Weirdness & Mutations

Your natural rate of healing is accelerated.
You have razor-sharp teeth.
You have supernaturally acute eyesight. (SInv)
You are afflicted with vampirism and can become a bat while bloodless.


Message History

Grinder gestures at you. Pain shoots through your body!
A wyvern comes into view.
Grinder hits you.
You closely miss Grinder. Grinder misses you.
You barely miss Grinder.
The wyvern hisses angrily.
You bite Grinder, but do no damage. Grinder gestures at you.
Pain shoots through your body!
You hit Grinder but do no damage.
Grinder appears confused.
Grinder drinks a potion.
Grinder seems less confused.
Grinder blinks!
Grinder says, "Are you a fish?" The wyvern closely misses you.
The wyvern bites you! The wyvern bites you!
* * * LOW HITPOINT WARNING * * *
Casting: Confusing Touch (safe; 1% risk of failure)
Confirm with . or Enter, or press ? or * to list all spells.
Aiming: Ensorcelled Hibernation (safe; 1% risk of failure)
Press: ? - help, Shift-Dir - straight line, f - wyvern
Aim: a wyvern (chance to affect: 54%)
The wyvern resists with significant effort.
The wyvern bites you.
* * * LOW HITPOINT WARNING * * *
The wyvern bites you but does no damage.
Casting: Ensorcelled Hibernation (safe; 1% risk of failure)
Confirm with . or Enter, or press ? or * to list all spells.
Aiming: Ensorcelled Hibernation (safe; 1% risk of failure)
Press: ? - help, Shift-Dir - straight line, f/p - wyvern
Aim: a wyvern (chance to affect: 54%)
The wyvern looks drowsy...
The helpless wyvern fails to defend itself.
You impale the wyvern!!
You kill the wyvern!
Grinder gestures at you. Pain shoots through your body!
You die...
Your body crumbles into a pile of gold.

######## #######
#......########## ......#
#.........##....#### ......#
#......##.##....#... ......#
#####'###.##....#... ......#
#####.###.##....#.## ......#
#.................##
......############.######....#..#
..............5$@.........>.##...
........##########..#####...##...
........'..## #.....##...##...
........##..# ##.##.##...##...
........###.# #.#.......##..#
........# #.## #.....<.#.##.##
......<.# #..## #.#.##..#.##.##
........# ##..# #.#.##..#.##...
#..# #.#.....)..##..


You could see Grinder.

Vanquished Creatures
  A wyvern (D:5)
  2 elf zombies (Ossuary)
  2 scorpions (D:5)
  2 human zombies (Ossuary)
  A centaur zombie (Ossuary)
  A hound (D:5)
  2 orc priests (D:4)
  A centaur skeleton (D:3)
  3 iguanas (D:4)
  An orc wizard (D:5)
  A hound skeleton (D:4)
  2 mummies (Ossuary)
  8 gnolls
  A howler monkey skeleton (D:5)
  5 adders
  An adder zombie (Ossuary)
  2 worms (D:2)
  5 dart slugs
  10 orcs
  7 ball pythons
  5 bats
  3 endoplasms
  5 giant cockroaches
  8 goblins
  10 hobgoblins
  15 jackals
  2 quokkas (D:1)
  3 frilled lizards
  8 hobgoblin zombies (Ossuary)
  3 jackal zombies (Ossuary)
  8 kobolds
  11 kobold zombies (Ossuary)
  8 orc zombies (Ossuary)
  6 rats
  A rat zombie (Ossuary)
154 creatures vanquished.

Vanquished Creatures (others)
  An orc (D:4)
  2 plants
3 creatures vanquished.

Grand Total: 157 creatures vanquished

Notes
Turn   | Place    | Note
-------+----------+-------------------------------------------
     0 | D:1      | EWolf27 the Vampire Enchanter began the quest for the Orb.
     0 | D:1      | Reached XP level 1. HP: 13/13 MP: 3/3
   311 | D:1      | Reached XP level 2. HP: 12/19 MP: 5/5
   341 | D:1      | Learned a level 2 spell: Ensorcelled Hibernation
   822 | D:1      | Reached skill level 5 in Stealth
   897 | D:1      | Gained mutation: You are afflicted with vampirism and can
                  | become a bat while bloodless. [Vampire growth]
   897 | D:1      | Reached XP level 3. HP: 23/24 MP: 3/6
  1387 | D:2      | Reached skill level 5 in Hexes
  1387 | D:2      | Reached skill level 1 in Ice Magic
  1985 | D:2      | Reached XP level 4. HP: 30/30 MP: 0/7
  2901 | D:2      | Found a faded altar of an unknown god.
  2937 | D:2      | Prayed at the altar of an unknown god.
  2937 | D:2      | Became a worshipper of Gozag Ym Sagoz the Greedy
  3405 | D:2      | Learned a level 3 spell: Confusing Touch
  3458 | D:3      | Reached XP level 5. HP: 35/35 MP: 2/9
  3695 | D:3      | Reached skill level 6 in Stealth
  4958 | D:4      | Reached XP level 6. HP: 41/41 MP: 4/10
  5034 | D:4      | Found a staircase to the Ecumenical Temple.
  5057 | Temple   | Entered the Ecumenical Temple
  6181 | D:4      | Reached skill level 7 in Stealth
  6475 | D:4      | Found a sacrificial altar of Ru.
  6743 | D:5      | Entered Level 5 of the Dungeon
  6869 | D:5      | Found a sand-covered staircase.
  6974 | Ossuary  | Entered an ossuary
  7266 | Ossuary  | Reached XP level 7. HP: 41/46 MP: 11/11
  7610 | Ossuary  | Reached skill level 8 in Stealth
  7985 | D:5      | Found a radiant altar of Vehumet.
  8045 | D:5      | Learned a level 3 spell: Tukima's Dance
  8434 | D:5      | Reached skill level 9 in Stealth
  8553 | D:5      | Noticed Grinder
  8732 | D:5      | Noticed a wyvern
  8749 | D:5      | Killed a wyvern
  8749 | D:5      | Killed from afar by Grinder

Illustrated notes

Levels and vault maps discovered:
D:1:      beargit_arrival_greenhouse, layout_loops_ring, minmay_pentomino_q4
D:2:      layout_basic, chequers_ecumenical_altar_lobes, kennysheep_another_room
D:3:      layout_rooms, amcnicky_mini_corridor_feature, serial_park_tiny_1,
          kennysheep_nub
D:4:      layout_loops_corners, minmay_temple_entry_sparse_star,
          kennysheep_flooded_box, serial_bayou_lagoon_a
D:5:      layout_basic, brannock_xom_greatest_gift, vehumet_altar_wand_db,
          enter_ossuary_2, minivault_19, uniq_grinder
Temple:   regret_index_temple_waves

Skill      XL: |  1  2  3  4  5  6  7 |
---------------+----------------------+-----
Stealth        | 5 6 7 9 |  9.1
Hexes          | 5 6 7 8 |  8.6
Ice Magic      | 1 2 3 4 |  4.0
Spellcasting   | 3 |  3.0
Short Blades   | |  1.5
Dodging        | |  2.1

Action                   |  1- 3 |  4- 6 |  7- 9 || total
-------------------------+-------+-------+-------++-------
Melee: Dagger            |   135 |   302 |   170 ||   607
       Bite              |    14 |    33 |    22 ||    69
Throw: Dart              |       |    14 |    10 ||    24
 Cast: Ensorcelled Hiber |    28 |    68 |     8 ||   104
       Confusing Touch   |       |     2 |     7 ||     9
Evoke: Wand              |       |       |     1 ||     1
  Use: Scroll            |       |     6 |       ||     6
 Stab: Sleeping          |    25 |    40 |     8 ||    73
       Distracted        |     1 |       |       ||     1
       Confused          |       |       |    11 ||    11
Armor: Robe              |    33 |    84 |    29 ||   146
Dodge: Dodged            |    93 |   209 |    88 ||   390

Table legend: (Time is in decaauts)
 A = Elapsed time spent in this place.
 B = Non-inter-level travel time spent in this place.
 C = Inter-level travel time spent in this place.
 D = Time resting spent in this place.
 E = Time spent auto-exploring this place.
 F = Levels seen in this place.
 G = Mean time per level.
                   A        B        C        D        E       F      G
               +--------+--------+--------+--------+--------+-----+--------+
         Total |   8729 |   8580 |    149 |   2734 |   1387 |   7 | 1247.0 |
       Dungeon |   7517 |   7383 |    134 |   2487 |   1310 |   5 | 1503.4 |
        Temple |    228 |    213 |     15 |     69 |     77 |   1 |  228.0 |
       Ossuary |    983 |    983 |      0 |    178 |      0 |   1 |  983.0 |
               +--------+--------+--------+--------+--------+-----+--------+

Top non-repeatable levels by time:
     D:2: 2333 daAuts
     D:4: 1609 daAuts
     D:3: 1373 daAuts
     D:1: 1255 daAuts
 Ossuary: 983 daAuts
     D:5: 945 daAuts
  Temple: 228 daAuts
